AoeStats
← test521

Arena

507218358Analyzed
1v1 RM · 17d ago on Sep 17, 2026· 21m 15s· 2 players
Game mode
Random Map
Map size
Tiny (2 player)
Population
200
Speed
Normal
Resources
Standard
Victory
Conquest
Starting age
Dark Age
Ending age
Imperial Age
RankedLock teamsTeams togetherTeam positionsShared explorationLock speedFull tech treeHidden civsTurbo modeCheats
Victory
Defeat
🇹🇼 Teutons · Taiwan
599
+21
🇺🇸 Magyars · United States
568
-15
IKELONGJR10
10:58 Feudal Age
11:24 Double-Bit Axe
11:23 Horse Collar
13:13 Man-at-Arms
test521
5:14 Loom
10:20 Feudal Age
11:38 Double-Bit Axe
15:52 Fletching
20:39 Wheelbarrow
Connection lost

Rejoining the realm…

Still unreachable

The connection could not be restored.

Session expired

The server has moved on; the page needs a fresh start.